 Dungeon Crawl Stone Soup version 0.30-a0-347-gf58ed5266c (webtiles) character file.

Game seed: 15724775590003055250

1892 pokeman the Thaumaturge (level 8, -1/36 (44) HPs)
             Began as a Deep Elf Hedge Wizard on Nov 5, 2022.
             Was an Initiate of Vehumet.
             Slain by a wight
             ... wielding a +5 mace
              (5 damage)
             ... on level 6 of the Dungeon on Nov 6, 2022.
             The game lasted 00:14:42 (6821 turns).

pokeman the Thaumaturge (Deep Elf Hedge Wizard)     Turns: 6821, Time: 00:14:43

HP:   -1/36 (44)    AC:  6    Str: 13    XL:     8   Next: 93%
MP:   17/24         EV: 13    Int: 28    God:    Vehumet [......]
Gold: 315           SH:  0    Dex: 14    Spells: 20/28 levels left

rFire   + . .      SeeInvis .    x - +2 demon blade (venom)
rCold   + . .      Faith    .    (no shield)
rNeg    . . .      Spirit   .    o - +2 animal skin
rPois   .          Reflect  .    p - +0 helmet
rElec   .          Harm     .    L - scarf {rC+ rF+}
rCorr   .          Rampage  .    B - +0 pair of gloves
Will    .....                    (no boots)
Stlth   ++........               z - amulet of magic regeneration
HPRegen 0.26/turn                r - +6 ring of intelligence
MPRegen 0.59/turn                t - +6 ring of strength

@: on blink cooldown, heavily drained
A: no striking features
a: Renounce Religion


You were on level 6 of the Dungeon.
You worshipped Vehumet.
Vehumet was noncommittal.
You visited 2 branches of the dungeon, and saw 7 of its levels.
You also visited: Sewer.

You collected 315 gold pieces.

Inventory:

Hand Weapons
 x - a +2 demon blade of venom (weapon)
Missiles
 J - 2 throwing nets
Armour
 o - a +2 animal skin (worn)
 p - a +0 helmet (worn)
 B - a +0 pair of gloves (worn)
 L - a scarf of resistance (worn)
 N - a +2 buckler
Magical Staves
 A - a staff of conjuration
Jewellery
 b - the ring of Fonyzie {Fire +Blink rCorr Int+4 Stlth-}
   (You found it on level 2 of the Dungeon)

   [ring of fire]

   It enhances your fire magic.
   Int:       It affects your intelligence (+4).
   rF:        It protects you from fire.
   rC:        It makes you vulnerable to cold.
   +Blink:    It lets you blink.
   rCorr:     It protects you from acid and corrosion.
   Stlth:     It makes you less stealthy.
 e - an amulet of guardian spirit
 m - a ring of resist corrosion
 r - a +6 ring of intelligence (left hand)
 t - a +6 ring of strength (right hand)
 z - an amulet of magic regeneration (around neck)
Wands
 H - a wand of polymorph (3)
 K - a wand of flame (20)
Scrolls
 c - 3 scrolls of vulnerability {unknown}
 f - 11 scrolls of identify {unknown}
 h - 8 scrolls of teleportation {unknown}
 j - a scroll of amnesia {unknown}
 l - 2 scrolls of fear {unknown}
 n - 2 scrolls of enchant weapon {unknown}
 q - 4 scrolls of butterflies {unknown}
 s - a scroll of magic mapping {unknown}
 u - 2 scrolls of immolation {unknown}
 y - a scroll of noise {unknown}
 F - 2 scrolls of poison {unknown}
 G - a scroll of summoning {unknown}
Potions
 a - 2 potions of mutation {unknown}
 d - 5 potions of magic
 g - 2 potions of might {unknown}
 i - 3 potions of curing {unknown}
 k - 3 potions of heal wounds {unknown}
 v - a potion of resistance {unknown}
 w - a potion of berserk rage {unknown}
 C - a potion of ambrosia {unknown}
 D - 2 potions of invisibility {unknown}
 E - a potion of haste {unknown}
 I - a potion of flight {unknown}
 M - a potion of attraction {unknown}


   Skills:
 - Level 2.0 Fighting
 - Level 3.0 Armour
 - Level 3.0 Dodging
 - Level 3.0 Stealth
 + Level 1.5 Shields
 * Level 10.8 Spellcasting
 + Level 6.8 Conjurations
 - Level 1.1 Summonings
 - Level 1.1 Translocations
 - Level 1.0 Air Magic
 - Level 1.0 Poison Magic
 - Level 1.0 Evocations


You had 20 spell levels left.
You knew the following spells:

 Your Spells              Type           Power      Damage    Failure   Level
a - Magic Dart            Conj           100%       1d8       1%          1
b - Mephitic Cloud        Conj/Pois/Air  31%        N/A       3%          3
c - Call Imp              Summ           21%        N/A       3%          2
d - Blink                 Tloc           42%        N/A       3%          2

Your spell library contained the following spells:

 Spells                   Type           Power      Damage    Failure   Level
 Slow                     Hex            60%        N/A       3%          1
 Cigotuvi's Dreadful Rot  Necr/Pois/Air  38%        N/A       4%          2
 Portal Projectile        Hex/Tloc       36%        N/A       9%          3
 Ozocubu's Armour         Ice            15%        N/A       11%         3
 Tukima's Dance           Hex            15%        N/A       11%         3
 Blade Hands              Tmut           7%         N/A       71%         5
 Metabolic Englaciation   Hex/Ice        7%         N/A       71%         5
 Simulacrum               Ice/Necr       7%         N/A       99%         6


Dungeon Overview and Level Annotations

Branches:
Dungeon (6/15)             Temple (1/1) D:5           Sewer (visited)

Altars:
Cheibriados
Dithmenos
Fedhas
Gozag
Hepliaklqana
Kikubaaqudgha
Makhleb
Nemelex Xobeh
Okawaru
Qazlal
Ru
Trog
Vehumet
Wu Jian
Xom
Zin
The Shining One
Lugonu

Annotations:
D:4 1 runed translucent door, OstrichLN's ghost, amateur DsGl


Message History

The magic dart hits the wight.
The wight is heavily damaged.
Casting: Magic Dart (safe; 1% risk of failure)
Confirm with . or Enter, or press ? or * to list all spells.
Aiming: Magic Dart (safe; 1% risk of failure)
Press: ? - help, Shift-Dir - straight line, f/p - wight
Aim: a wight, wielding a +5 mace and wearing a +0 robe (heavily damaged, 100% to hit)
The magic dart hits the wight.
The wight is severely damaged.
You feel stable enough to blink again.
Casting: Magic Dart (safe; 1% risk of failure)
Confirm with . or Enter, or press ? or * to list all spells.
Aiming: Magic Dart (safe; 1% risk of failure)
Press: ? - help, Shift-Dir - straight line, f/p - wight
Aim: a wight, wielding a +5 mace and wearing a +0 robe (severely damaged, 100% to hit)
The magic dart hits the wight but does no damage.
The wight is severely damaged.
The wight hits you with a +5 mace.
You feel drained.
Casting: Magic Dart (safe; 1% risk of failure)
Confirm with . or Enter, or press ? or * to list all spells.
Aiming: Magic Dart (safe; 1% risk of failure)
Press: ? - help, Shift-Dir - straight line, f/p - wight
Aim: a wight, wielding a +5 mace and wearing a +0 robe (severely damaged, 100% to hit)
The magic dart hits the wight but does no damage.
The wight is severely damaged.
The wight hits you with a +5 mace!
* * * LOW HITPOINT WARNING * * *
Casting: Magic Dart (safe; 1% risk of failure)
Confirm with . or Enter, or press ? or * to list all spells.
You blink.
Casting: Blink (safe; 3% risk of failure)
Confirm with . or Enter, or press ? or * to list all spells.
Aiming: Magic Dart (safe; 1% risk of failure)
Press: ? - help, Shift-Dir - straight line, f/p - wight
Aim: a wight, wielding a +5 mace and wearing a +0 robe (severely damaged, 100% to hit)
The magic dart hits the wight but does no damage.
The wight is severely damaged.
Unknown command.
The wight attacks as you move away! The wight hits you with a +5 mace.
You die...

##.....## ######)#### .....#
##.......## ##.#.# ....##
#.........####....########.....##
'.........+......................
#.........####...#.########....##
##.......## ##....# #.##
##.....## ##.### # ##...## #.#
##'## #@# #.# #z# #<# #)#
#####.## #.# .......#########.#
###.....#........#
####...##.######## ..........#
#### ####..##### ....


You could see a wight.

Vanquished Creatures
  Prince Ribbit (D:5)
  Sigmund (D:4)
  Duvessa (D:5)
  A sky beast (D:6)
  An ice beast (D:6)
  2 ogres (D:5)
  A phantom (D:5)
  2 necrophages
  A scorpion (D:3)
  3 wights (D:6)
  Dowan (D:5)
  2 jellies (Sewer)
  Ijyb (D:4)
  Natasha (thrice) (D:4)
  Terence (D:2)
  3 iguanas (D:6)
  2 orc wizards
  Robin (D:2)
  10 adders
  7 gnolls
  2 river rats (Sewer)
  2 white imps (D:6)
  2 ufetubi (D:5)
  2 worms
  A dart slug (D:3)
  9 orcs
  12 ball pythons
  12 endoplasms
  5 giant cockroaches
  18 goblins
  9 hobgoblins
  4 jackals (D:1)
  7 kobolds
  4 quokkas
  3 bats
  6 frilled lizards
  8 rats
151 creatures vanquished.

Vanquished Creatures (collateral kills)
  A gnoll (D:4)
  A quokka (D:4)
2 creatures vanquished.

Vanquished Creatures (others)
  A kobold (D:4)
1 creature vanquished.

Grand Total: 154 creatures vanquished

Notes
Turn   | Place    | Note
-------+----------+-------------------------------------------
     0 | D:1      | pokeman the Deep Elf Hedge Wizard began the quest for the
                  | Orb.
     0 | D:1      | Reached XP level 1. HP: 10/10 MP: 7/7
   181 | D:1      | Reached XP level 2. HP: 15/15 MP: 1/9
   711 | D:1      | Reached skill level 5 in Spellcasting
   887 | D:1      | Reached XP level 3. HP: 20/20 MP: 1/11
   891 | D:1      | Learned a level 3 spell: Mephitic Cloud
   894 | D:1      | Learned a level 2 spell: Call Imp
   897 | D:1      | Learned a level 2 spell: Blink
  1145 | D:2      | Found a faded altar of an unknown god.
  1303 | D:2      | Noticed Robin
  1332 | D:2      | Reached skill level 1 in Fighting
  1358 | D:2      | Killed Robin
  1359 | D:2      | Reached skill level 1 in Armour
  1523 | D:2      | Noticed Terence
  1563 | D:2      | Killed Terence
  1564 | D:2      | Reached XP level 4. HP: 15/25 MP: 5/13
  1650 | D:2      | Identified the ring of Fonyzie {Fire +Blink rCorr Int+4
                  | Stlth-}
  2691 | D:3      | Reached skill level 6 in Spellcasting
  2691 | D:3      | Reached XP level 5. HP: 29/29 MP: 9/15
  3151 | D:3      | Found an iron altar of Okawaru.
  3151 | D:3      | Found a bloodstained altar of Trog.
  3329 | D:3      | Reached skill level 1 in Air Magic
  3457 | D:4      | Reached skill level 1 in Poison Magic
  3586 | D:4      | Noticed Natasha
  3587 | D:4      | Noticed Ijyb
  3600 | D:4      | Killed Ijyb
  3604 | D:4      | Reached XP level 6. HP: 29/34 MP: 10/17
  3610 | D:4      | Killed Natasha
  3624 | D:4      | Found a glowing drain.
  3628 | Sewer    | Entered a sewer
  3872 | Sewer    | Reached skill level 7 in Spellcasting
  4002 | Sewer    | Found a viscous altar of Jiyva.
  4110 | D:4      | Noticed Sigmund
  4117 | D:4      | Killed Sigmund
  4118 | D:4      | Reached XP level 7. HP: 39/39 MP: 19/19
  4166 | D:4      | Noticed Natasha
  4173 | D:4      | Found a runed translucent door.
  4176 | D:4      | Killed Natasha
  4177 | D:4      | Reached skill level 5 in Conjurations
  4177 | D:4      | Reached skill level 1 in Evocations
  4188 | D:4      | Noticed Natasha
  4190 | D:4      | Noticed OstrichLN's ghost (amateur DsGl)
  4197 | D:4      | Killed Natasha
  4571 | D:5      | Entered Level 5 of the Dungeon
  4792 | D:5      | Reached skill level 8 in Spellcasting
  4864 | D:5      | Found a staircase to the Ecumenical Temple.
  5166 | Temple   | Entered the Ecumenical Temple
  5203 | Temple   | Became a worshipper of Vehumet
  5289 | D:5      | Noticed Prince Ribbit
  5296 | D:5      | Killed Prince Ribbit
  5297 | D:5      | Reached XP level 8. HP: 33/44 MP: 20/22
  5499 | D:5      | Noticed Duvessa
  5505 | D:5      | Noticed Dowan
  5510 | D:5      | Killed Duvessa
  5511 | D:5      | Reached skill level 9 in Spellcasting
  5515 | D:5      | Killed Dowan
  6022 | D:6      | Found an ornate altar of the Wu Jian Council.
  6022 | D:6      | Found a hazy altar of Hepliaklqana.
  6022 | D:6      | Found a shadowy altar of Dithmenos.
  6022 | D:6      | Found a sacrificial altar of Ru.
  6023 | D:6      | Found a stormy altar of Qazlal.
  6023 | D:6      | Found a blossoming altar of Fedhas.
  6023 | D:6      | Found a burning altar of Makhleb.
  6255 | D:6      | Reached skill level 10 in Spellcasting
  6407 | D:6      | Reached skill level 1 in Shields
  6821 | D:6      | Slain by a wight

Illustrated notes

Levels and vault maps discovered:
D:1:      dpeg_arrival_more_subterranean_lakeside_camping, layout_loops_ring,
          fountainhead, minmay_ruptured
D:2:      layout_basic, hellmonk_ecumenical_altar_inner_sanctum, uniq_robin,
          uniq_terence
D:3:      layout_loops_corners, grunt_temple_overflow_bloody_war
D:4:      layout_rooms, ebering_ghost_sewer_d, gup_sewer_entry_bowl,
          minmay_cupped, uniq_sigmund, uniq_ijyb, uniq_natasha
D:5:      layout_basic, temple_hall, minivault_11, uniq_prince_ribbit1,
          uniq_duvessa
D:6:      layout_loops_corners, nicolae_overflows_in_rows,
          ebering_ghost_reflecting_pool
Temple:   corrupted_temple

Skill      XL: |  1  2  3  4  5  6  7  8 |
---------------+-------------------------+-----
Spellcasting   | 5 6 7 8 10 | 10.8
Fighting       | 1 2 |  2.0
Armour         | 1 2 3 |  3.0
Conjurations   | 2 3 4 5 6 |  6.8
Dodging        | 3 |  3.0
Stealth        | 3 |  3.0
Air Magic      | 1 |  1.0
Poison Magic   | 1 |  1.0
Evocations     | 1 |  1.0
Shields        | 1 |  1.5
Summonings     | |  1.1
Translocations | |  1.1

Action                   |  1- 3 |  4- 6 |  7- 9 || total
-------------------------+-------+-------+-------++-------
Melee: War axe           |    20 |       |       ||    20
       Punch             |     1 |     2 |       ||     3
       Demon blade       |       |    41 |    60 ||   101
 Cast: Magic Dart        |    87 |   104 |   119 ||   310
       Mephitic Cloud    |     2 |     5 |    15 ||    22
       Call Imp          |     1 |     1 |     9 ||    11
       Blink             |       |       |     3 ||     3
 Stab: Confused          |       |     4 |     7 ||    11
       Sleeping          |       |     2 |       ||     2
Armor: Robe              |     2 |       |       ||     2
       Animal skin       |       |    11 |    15 ||    26
Dodge: Dodged            |    27 |    39 |    26 ||    92

Table legend: (Time is in decaauts)
 A = Elapsed time spent in this place.
 B = Non-inter-level travel time spent in this place.
 C = Inter-level travel time spent in this place.
 D = Time resting spent in this place.
 E = Time spent auto-exploring this place.
 F = Levels seen in this place.
 G = Mean time per level.
                   A        B        C        D        E       F      G
               +--------+--------+--------+--------+--------+-----+--------+
         Total |   6888 |   6575 |    313 |     98 |   5171 |   8 |  861.0 |
       Dungeon |   6373 |   6074 |    299 |     98 |   4817 |   6 | 1062.2 |
        Temple |     53 |     39 |     14 |      0 |     23 |   1 |   53.0 |
         Sewer |    461 |    461 |      0 |      0 |    330 |   1 |  461.0 |
               +--------+--------+--------+--------+--------+-----+--------+

Top non-repeatable levels by time:
     D:5: 1315 daAuts
     D:2: 1234 daAuts
     D:3: 1129 daAuts
     D:1: 1085 daAuts
     D:6: 895 daAuts
     D:4: 713 daAuts
   Sewer: 461 daAuts
  Temple: 53 daAuts
